 Dungeon Crawl Stone Soup version 0.28-a0-863-g8cecda6153 (webtiles) character file.

Game seed: 7581345865204129363

536 Strat the Cleaver (level 7, 0/57 HPs)
             Began as a Hill Orc Cinder Acolyte on Nov 19, 2021.
             Was a High Priest of Ignis.
             Slain by an ice beast (2 damage)
             ... on level 5 of the Dungeon.
             The game lasted 00:10:04 (4807 turns).

Strat the Cleaver (Hill Orc Cinder Acolyte)         Turns: 4807, Time: 00:10:05

Health: 0/57       AC:  8    Str: 17    XL:     7   Next: 25%
Magic:  8/8        EV:  9    Int: 14    God:    Ignis [*****.]
Gold:   72         SH:  0    Dex:  8    Spells: 6/8 levels left

rFire   + . .      SeeInvis .   a - +0 hand axe (flame)
rCold   . . .      Faith    .   (no shield)
rNeg    . . .      Spirit   .   i - +1 scale mail
rPois   .          Reflect  .   (no helmet)
rElec   .          Harm     .   (no cloak)
rCorr   .          Rampage  .   (no gloves)
Will    .....                   s - +0 pair of boots
Stlth   ..........              (no amulet)
HPRegen 0.19/turn               g - ring of flight
MPRegen 0.11/turn               (no ring)

@: flying
A: no striking features
a: Renounce Religion, Sea of Fire, Foxfire Swarm, Rising Flame


You were on level 5 of the Dungeon.
You worshipped Ignis.
Ignis was extremely pleased with you.
You visited 1 branch of the dungeon, and saw 5 of its levels.
You also visited: Sewer.

You collected 157 gold pieces.
You spent 85 gold pieces at shops.

Inventory:

Hand Weapons
 a - a +0 hand axe of flaming (weapon)
 q - a +0 morningstar
Missiles
 c - 76 stones
 l - 18 poisoned darts (quivered)
Armour
 i - a +1 scale mail (worn)
 s - a +0 pair of boots (worn)
Jewellery
 g - a ring of flight (left hand)
Scrolls
 e - a scroll of enchant weapon
 j - a scroll of immolation
 k - a scroll of fog
 m - 7 scrolls of teleportation
Potions
 b - a potion of experience {unknown}
 d - a potion of ambrosia {unknown}
 f - 4 potions of brilliance {unknown}
 h - a potion of heal wounds {unknown}
 n - a potion of berserk rage {unknown}
 o - a potion of attraction {unknown}
 p - a potion of magic {unknown}


   Skills:
 - Level 3.6 Fighting
 + Level 9.8 Axes
 - Level 3.0 Armour
 - Level 1.0 Spellcasting
 - Level 3.2 Fire Magic


You had 6 spell levels left.
You knew the following spells:

 Your Spells              Type           Power      Damage    Failure   Level
a - Scorch                Fire           18%        2d5       34%         2

Your spell library contained the following spells:

 Spells                   Type           Power      Damage    Failure   Level
 Passwall                 Tmut/Erth      0%         N/A       78%         2
 Swiftness                Air            0%         N/A       95%         3


Dungeon Overview and Level Annotations

Branches:
Dungeon (5/15)              Sewer (visited)
 Temple: D:4-7

Altars:
Yredelemnul

Shops:
D:2 [   D:4 =([

Annotations:
D:4 Edmund, Menkaure


Message History

The ice beast is moderately wounded.
The ice beast hits you.
* * * LOW HITPOINT WARNING * * *
The ice beast freezes you!
* * * LOW HITPOINT WARNING * * *
You barely miss the ice beast.
The ice beast is moderately wounded.
The ice beast hits you but does no damage.
You hit the ice beast.
You melt the ice beast.
The ice beast is heavily wounded.
You hit the ice beast.
You melt the ice beast.
The ice beast is heavily wounded.
The ice beast hits you.
* * * LOW HITPOINT WARNING * * *
The ice beast freezes you!
* * * LOW HITPOINT WARNING * * *
You hit the ice beast but do no damage.
The ice beast is heavily wounded.
The ice beast hits you but does no damage.
You barely miss the ice beast.
The ice beast is heavily wounded.
The ice beast hits you but does no damage.
Your scale mail prevents you from hitting the ice beast.
The ice beast is heavily wounded.
The ice beast hits you but does no damage.
You hit the ice beast.
You melt the ice beast.
The ice beast is severely wounded.
The ice beast hits you but does no damage.
You completely miss the ice beast.
The ice beast is severely wounded.
You barely miss the ice beast.
The ice beast is severely wounded.
The ice beast hits you but does no damage.
You hit the ice beast.
You melt the ice beast.
The ice beast is severely wounded.
The ice beast hits you but does no damage.
You hit the ice beast.
You melt the ice beast.
The ice beast is almost dead.
The ice beast hits you.
You die...

##..............
##.....S......... #
...............( #.##
............... .....
#............. .....#
#............ ......#
###...<.......
.......##.............
.......@Y...##........
........##############
.......## .......
.....## #####


You could see an ice beast.

Vanquished Creatures
  Pargi (Sewer)
  A phantom (D:4)
  A scorpion (D:4)
  A water moccasin skeleton (D:4)
  A jelly (D:3)
  A hound (D:4)
  An iguana (D:4)
  An orc wizard (D:3)
  5 adders
  A white imp (D:4)
  2 worms
  2 dart slugs (D:4)
  7 orcs
  6 bats
  4 endoplasms
  3 giant cockroaches
  6 goblins
  5 hobgoblins
  6 jackals (D:3)
  4 kobolds
  3 quokkas
  11 ball pythons
  7 frilled lizards
  6 rats
86 creatures vanquished.

Vanquished Creatures (others)
  15 foxfires (Sewer)
15 creatures vanquished.

Grand Total: 101 creatures vanquished

Notes
Turn   | Place    | Note
-------+----------+-------------------------------------------
     0 | D:1      | Strat the Hill Orc Cinder Acolyte began the quest for the
                  | Orb.
     0 | D:1      | Reached XP level 1. HP: 19/19 MP: 2/2
   579 | D:1      | Reached XP level 2. HP: 25/26 MP: 3/3
   809 | D:1      | Reached skill level 5 in Axes
  1497 | D:1      | Found a faded altar of an unknown god.
  1658 | D:2      | Reached XP level 3. HP: 21/31 MP: 4/4
  1874 | D:2      | Found Pemme's Antique Armour Boutique.
  2110 | D:2      | Reached skill level 6 in Axes
  2330 | D:3      | Reached skill level 1 in Armour
  2330 | D:3      | Reached XP level 4. HP: 35/39 MP: 5/5
  2641 | D:3      | Found a basalt altar of Yredelemnul.
  2679 | D:3      | Found a glowing drain.
  2701 | Sewer    | Entered a sewer
  2838 | Sewer    | Noticed Pargi
  2845 | Sewer    | Killed Pargi
  2846 | Sewer    | Reached skill level 7 in Axes
  2846 | Sewer    | Reached XP level 5. HP: 43/45 MP: 6/6
  3605 | D:4      | Noticed Edmund
  3638 | D:4      | Found Vaplio's Antique Armour Emporium.
  3762 | D:4      | Reached XP level 6. HP: 45/51 MP: 7/7
  3879 | D:3      | Reached skill level 8 in Axes
  4058 | D:4      | Bought a pair of boots for 85 gold pieces
  4165 | D:4      | Found Ruchipaq's Weapon Shoppe.
  4210 | D:4      | Reached skill level 9 in Axes
  4341 | D:4      | Reached XP level 7. HP: 54/57 MP: 8/8
  4458 | D:4      | Found Poetuiti's Jewellery Shop.
  4489 | D:4      | Noticed Menkaure
  4778 | D:5      | Entered Level 5 of the Dungeon
  4785 | D:4      | Learned a level 2 spell: Scorch
  4799 | D:5      | HP: 1/57 [ice beast (11)]
  4807 | D:5      | Slain by an ice beast

Illustrated notes

Levels and vault maps discovered:
D:1:      dpeg_arrival_orchard, layout_loops_corners,
          chequers_ecumenical_altar_lobes, grunt_decor_junction
D:2:      layout_basic, serial_shops,
          nicolae_shop_temple_entry_statues_fountains
D:3:      layout_loops_ring, mainiacjoe_overflow_tiny_flanked,
          cheibrodos_sewer_entry_sluice
D:4:      layout_rooms, serial_shops, nicolae_shop_crystal,
          kennysheep_mini_moat, nicolae_square_shop, serial_park_tiny_pond,
          minmay_misc_feat_tiny, uniq_menkaure, uniq_edmund
D:5:      minmay_bubble_buster, layout_cave_pods

Skill      XL: |  1  2  3  4  5  6 |
---------------+-------------------+-----
Axes           | 5 6 7 9 |  9.8
Armour         | 1 2 3 |  3.0
Fighting       | |  3.6
Spellcasting   | |  1.0
Fire Magic     | |  3.2

Action                   |  1- 3 |  4- 6 |  7- 9 || total
-------------------------+-------+-------+-------++-------
Melee: Hand axe          |    99 |   194 |    38 ||   331
Throw: Stone             |    31 |       |       ||    31
       Dart              |       |    17 |     4 ||    21
Invok: Foxfire Swarm     |       |     1 |       ||     1
  Use: Scroll            |       |     8 |       ||     8
Armor: Robe              |     5 |       |       ||     5
       Scale mail        |    39 |    75 |    20 ||   134
Dodge: Dodged            |    64 |    75 |     8 ||   147

Table legend: (Time is in decaauts)
 A = Elapsed time spent in this place.
 B = Non-inter-level travel time spent in this place.
 C = Inter-level travel time spent in this place.
 D = Time resting spent in this place.
 E = Time spent auto-exploring this place.
 F = Levels seen in this place.
 G = Mean time per level.
                   A        B        C        D        E       F      G
               +--------+--------+--------+--------+--------+-----+--------+
         Total |   4847 |   4589 |    258 |   1172 |   2208 |   6 |  807.8 |
       Dungeon |   4530 |   4272 |    258 |   1104 |   2055 |   5 |  906.0 |
         Sewer |    316 |    316 |      0 |     68 |    153 |   1 |  316.0 |
               +--------+--------+--------+--------+--------+-----+--------+

Top non-repeatable levels by time:
     D:1: 1629 daAuts
     D:3: 1301 daAuts
     D:4: 963 daAuts
     D:2: 613 daAuts
   Sewer: 316 daAuts
     D:5: 21 daAuts
